 Dungeon Sprint DCSS version 0.16-a0-3807-g3748f16 (webtiles) character file.

0 PolkaDot the Ruffian (level 1, 0/17 HPs)
             Began as a Draconian Transmuter on Jan 27, 2015.
             Slain by an adder zombie (3 damage)
             ... in the Dungeon (Sprint VI: "Thunderdome").
             The game lasted 00:01:33 (80 turns).

PolkaDot the Ruffian (Draconian Transmuter)           Turns: 80, Time: 00:01:34

Health: 0/17       AC:  4    Str: 12    XL:     1   Next: 83%
Magic:  3/3        EV: 12    Int: 13    God:
Gold:   200        SH:  0    Dex: 11    Spells: 1 memorised, 3 levels left

rFire  . . .     SeeInvis .       - Unarmed
rCold  . . .     Clarity  .     (armour unavailable)
rNeg   . . .     SustAb   .     (no shield)
rPois  .         Gourm    .     (helmet restricted)
rElec  .         Spirit   .     (no cloak)
rCorr  .         Warding  .     (no gloves)
rMut   .         NoTele   +     (no boots)
MR     .....                    (no amulet)
Stlth  +.........               (no ring)
                                (no ring)

@: not resistant to hostile enchantments, very unstealthy
A: unfitting armour, cold-blooded, AC +4
a: no special abilities


You were in the Dungeon.
You were not hungry.

You visited 1 branch You collected 200 gold pieces.

Inventory:

Missiles
 b - 12 arrows
Magical devices
 c - a wand of cold (5)
 k - a wand of fire (5)
Scrolls
 j - 4 scrolls of blinking
 l - 3 scrolls of fog
Potions
 e - a potion of curing
 f - 4 potions of heal wounds
 g - 4 potions of haste
 h - 2 potions of magic
 i - a potion of berserk rage
 m - a potion of resistance
Books
 d - a book of Changes

   Spells                             Type                      Level
   a - Beastly Appendage              Transmutation                1
   b - Sticks to Snakes               Transmutation                2
   c - Spider Form                    Transmutation/Poison         3
   d - Ice Form                       Ice/Transmutation            4
   e - Blade Hands                    Transmutation                5
Comestibles
 a - a bread ration


   Skills:
 + Level 2.0 Fighting
 + Level 2.2 Dodging
 * Level 3.9 Unarmed Combat
 - Level 2.0 Spellcasting
 + Level 2.5 Transmutations


You had 3 spell levels left.
You knew the following spells:

 Your Spells              Type           Power        Failure   Level  Hunger
a - Beastly Appendage     Trmt           #.....       10%         1    ##.....


Dungeon Overview and Level Annotations

Branches:
Dungeon (1/1)

Altars:
Elyvilon
Fedhas
Gozag
Kikubaaqudgha
Makhleb
Nemelex Xobeh
Qazlal
Ru
Sif Muna
Trog
Vehumet
Xom
Yredelemnul
Zin
The Shining One
Jiyva
Lugonu

Shops:
D *[%??*?*:[((!!


Innate Abilities, Weirdness & Mutations

Your plain brown scales are hard (AC +4).
Your body does not fit into most forms of armour.
Your cold-blooded metabolism reacts poorly to cold.


Message History

There is a radiant altar of Vehumet here.
There is a white marble altar of Elyvilon here.
There is an entrance to Ekolomuvi's Premium Goods here.
Unknown command.
There is an entrance to Qagac's Miscellaneous Merchandise here.
Unknown command.
There is an entrance to Irchofad's Basic Armour here.
You hit the adder zombie. The adder zombie bites you.
* * * LOW HITPOINT WARNING * * *
You hit the adder zombie but do no damage.
Your tail-slap misses the adder zombie.
The adder zombie bites you but does no damage.
You hit the adder zombie. The adder zombie bites you.
* * * LOW HITPOINT WARNING * * *
The adder zombie misses you.
You barely miss the adder zombie. The adder zombie bites you.
* * * LOW HITPOINT WARNING * * *
You hit the adder zombie but do no damage.
The adder zombie bites you.
You die...

##∩_._......###......
######.8.........8.
#⌠...........
###.........#
#_......._#
#_......._#
#_......._#
#∩.......∩#
##∩....Z@# ##.....##
##⌠⌠⌠## #####


You could see an adder zombie.

Vanquished Creatures
  An adder zombie (D)
  An adder skeleton (D)
2 creatures vanquished.

Notes
Turn   | Place    | Note
--------------------------------------------------------------
     0 | D        | PolkaDot, the Draconian Transmuter, began the quest for the Orb.
     0 | D        | Reached XP level 1. HP: 16/16 MP: 3/3
     1 | D        | Found a blossoming altar of Fedhas.
     1 | D        | Found a sparkling altar of Nemelex Xobeh.
     2 | D        | Found a sacrificial altar of Ru.
     3 | D        | Found a deep blue altar of Sif Muna.
     3 | D        | Found a shimmering altar of Xom.
     4 | D        | Found Xocag's Distillery.
     4 | D        | Found a basalt altar of Yredelemnul.
     4 | D        | Found Monont's Staff Store.
     4 | D        | Found Alom's Must-Have Magic.
     5 | D        | Found Tic Osar's Distillery.
     5 | D        | Round 1.
    16 | D        | Found a viscous altar of Jiyva.
    16 | D        | Found a stormy altar of Qazlal.
    16 | D        | Found Straggi's Magic Scroll Shop.
    16 | D        | Found Imiaduan's Magic Scroll Shop.
    42 | D        | Found a glowing silver altar of Zin.
    44 | D        | Found Shaesh's Bee Food.
    44 | D        | Found Veocseir's Jewellery.
    45 | D        | Found a glowing golden altar of the Shining One.
    46 | D        | Found Twueshoe's Advanced Armour.
    46 | D        | Found a burning altar of Makhleb.
    46 | D        | Found Praocziu's Identification Station.
    61 | D        | Found a bloodstained altar of Trog.
    63 | D        | Found a radiant altar of Vehumet.
    63 | D        | Found a white marble altar of Elyvilon.
    63 | D        | Found Ekolomuvi's Premium Goods.
    63 | D        | Found Qagac's Miscellaneous Merchandise.
    64 | D        | Found an opulent altar of Gozag.
    65 | D        | Found a corrupted altar of Lugonu.
    65 | D        | Found an ancient bone altar of Kikubaaqudgha.
    65 | D        | Found Vehosiaf's Weapon Rack.
    65 | D        | Found Irchofad's Basic Armour.
    66 | D        | Noticed a necrophage
    80 | D        | Slain by an adder zombie

Action                   || total
-------------------------++-------
Melee: Unarmed           ||    19
